 Dungeon Crawl Stone Soup version 0.28.0-53-g5a82cb258f (webtiles) character file.

Game seed: 7820168344567868328

5803 orfax the Basher (level 10, -10/107 HPs)
             Began as a Troll Fighter on June 8, 2022.
             Was an Initiate of Trog.
             Mangled by a jiangshi (13 damage)
             ... created by the anger of Yredelemnul
             ... on level 1 of the Lair of Beasts on June 10, 2022.
             The game lasted 02:16:57 (8969 turns).

orfax the Basher (Troll Fighter)                    Turns: 8969, Time: 02:16:57

Health: -10/107    AC:  8    Str: 35    XL:     10   Next: 50%
Magic:  9/9        EV: 11    Int:  4    God:    Trog [......]
Gold:   378        SH:  0    Dex: 11    Spells: 9/9 levels left

rFire   + + .      SeeInvis .   R - +10 great mace of Xipal {vorpal, rElec rF+ Str+2}
rCold   + . .      Faith    .   (shield currently unavailable)
rNeg    . . .      Spirit   .   t - +1 robe of Ferocious Awe {+Inv rC+ Str+3}
rPois   .          Reflect  .   l - +2 hat
rElec   +          Harm     .   K - +0 cloak
rCorr   .          Rampage  .   (gloves unavailable)
Will    .....                   (boots unavailable)
Stlth   +.........              (no amulet)
HPRegen 1.07/turn               J - ring of protection from fire
MPRegen 0.11/turn               x - ring of flight

@: about to teleport, flying
A: large, unfitting armour, claws 3, regeneration 1, shaggy fur 1, tough skin 1,
agile 1, robust 1, noise suppression
a: Renounce Religion, Evoke Invisibility


You were on level 1 of the Lair of Beasts.
You worshipped Trog.
Trog was noncommittal.
You visited 4 branches of the dungeon, and saw 13 of its levels.

You collected 378 gold pieces.

Inventory:

Hand Weapons
 a - a +0 war axe
 b - a +0 dagger of draining
 f - the +6 mace "Firchula" {pain, Dex+5}
   (You found it on level 2 of the Dungeon)

   In the hands of one skilled in necromantic magic, it inflicts extra damage on
   living creatures.
   Dex:       It affects your dexterity (+5).
   Trog disapproves of the use of such an item.
 g - a +2 dagger of venom
 n - a +0 short sword of flaming
 q - a +6 vampiric rapier
 w - a +0 short sword of freezing
 y - a +3 whip
 C - a +1 hand axe of venom
 D - a +0 short sword of venom
 F - a +0 shortbow
 H - a +0 arbalest
 N - a +0 flail of protection
 O - a +2 quarterstaff of chaos
 P - a +3 dagger of freezing
 R - the +10 great mace of Xipal (weapon) {vorpal, rElec rF+ Str+2}
   (You found it on level 1 of the Lair of Beasts)

   It inflicts extra damage upon your enemies.
   Str:       It affects your strength (+2).
   rF:        It protects you from fire.
   rElec:     It insulates you from electricity.
Missiles
 e - 59 sling bullets
 h - 5 poisoned darts (quivered)
 k - 176 arrows
 o - 71 bolts
Armour
 c - a +0 kite shield
 l - a +2 hat (worn)
 m - a +2 robe of willpower
 t - the +1 robe of Ferocious Awe (worn) {+Inv rC+ Str+3}
   (You found it on level 3 of the Dungeon)

   Str:       It affects your strength (+3).
   rC:        It protects you from cold.
   +Inv:      It lets you turn invisible.
 K - a +0 cloak (worn)
Magical Staves
 i - a staff of air
Jewellery
 x - a ring of flight (right claw)
 J - a ring of protection from fire (left claw)
 M - a ring of positive energy
Wands
 p - a wand of polymorph (2)
 s - a wand of paralysis (18)
 A - a wand of flame (15)
 B - a wand of iceblast (4)
Scrolls
 j - 3 scrolls of teleportation
 r - 3 scrolls of immolation
 u - 2 scrolls of fog
 v - 2 scrolls of identify
 z - a scroll of amnesia
 E - a scroll of torment {unknown}
 I - a scroll of enchant armour
Potions
 d - 2 potions of might
 G - 3 potions of brilliance
 L - a potion of resistance
 Q - a potion of curing


   Skills:
 + Level 6.2 Fighting
 - Level 1.5 Short Blades
 - Level 2.5(5.3) Axes
 * Level 8.1(8.4) Maces & Flails
 - Level 0.6 Throwing
 + Level 6.1 Dodging
 - Level 0.2 Stealth
 + Level 5.7 Shields
 - Level 4.1 Necromancy


You had 9 spell levels left.
You didn't know any spells.
Your spell library contained the following spells:

 Spells                   Type           Power      Damage    Failure   Level
 Blink                    Tloc           0%         N/A       65%         2
 Conjure Flame            Conj/Fire      0%         6-21      86%         3
 Ignite Poison            Fire/Tmut/Pois 0%         N/A       86%         3
 Tukima's Dance           Hex            0%         N/A       86%         3
 Passage of Golubria      Tloc           0%         N/A       99%         4
 Sticky Flame             Conj/Fire      0%         2d3       99%         4
 Fireball                 Conj/Fire      0%         3d3       100%        5
 Manifold Assault         Tloc           0%         N/A       100%        5
 Yara's Violent Unravell  Hex/Tmut       0%         3d3       100%        5
 Starburst                Conj/Fire      0%         6d3       100%        6
 Storm Form               Tmut/Air       0%         N/A       100%        7
 Ignition                 Fire           0%         3d3       100%        8


Dungeon Overview and Level Annotations

Branches:
Dungeon (10/15)            Temple (1/1) D:4            Lair (1/6) D:9
    Orc (1/2) D:9

Altars:
Ashenzari
Cheibriados
Dithmenos
Elyvilon
Fedhas
Gozag
Hepliaklqana
Kikubaaqudgha
Makhleb
Nemelex Xobeh
Okawaru
Qazlal
Ru
Sif Muna
Trog
Uskayaw
Vehumet
Wu Jian
Xom
Yredelemnul
Zin
The Shining One

Shops:
D:5 *   D:7 *


Innate Abilities, Weirdness & Mutations

You are too large for most types of armour.
You have claws for hands.
Your natural rate of healing is unusually fast.
You are covered in fur. (AC +1)
You have tough skin. (AC +1)
You are agile. (Dex +2)
You are robust. (+10% HP)
You passively dampen the noise of your surroundings.


Message History

The fungus is moderately damaged.
You bludgeon the fungus!!
The fungus is heavily damaged.
You sock the fungus!
The fungus is heavily damaged.
A nearby fungus withers and dies.
You see here a basilisk corpse.
Yredelemnul sends servants to punish you.
A skeletal warrior and 2 jiangshi come into view.
You sock the jiangshi!
The jiangshi is lightly damaged.
The jiangshi barely misses you. The jiangshi claws you!
The jiangshi draws strength from your injuries!
The jiangshi claws you but does no damage.
The jiangshi claws you.
The jiangshi draws strength from your injuries!
The jiangshi claws you!
The jiangshi draws strength from your injuries!
The jiangshi barely misses you. The jiangshi claws you!
The jiangshi draws strength from your injuries!
The jiangshi claws you but does no damage.
The jiangshi claws you!
The jiangshi draws strength from your injuries!
The jiangshi claws you but does no damage.
The jiangshi claws you but does no damage.
The jiangshi claws you!
The jiangshi draws strength from your injuries!
As you read the scroll of teleportation, it crumbles to dust.
You feel strangely unstable. The jiangshi claws you!
* * * LOW HITPOINT WARNING * * *
The jiangshi draws strength from your injuries!
The jiangshi claws you!
* * * LOW HITPOINT WARNING * * *
The jiangshi draws strength from your injuries!
The jiangshi claws you!
* * * LOW HITPOINT WARNING * * *
The jiangshi draws strength from your injuries!
The jiangshi claws you!
You die...

#.. #.# ### ..# ###.. #.#
### ##...# #.# ##.# ###.....
##.#### #..# #.......
#...#.### ##..## #.......
##......####....## #.......
###.†#..zVV@....#.###.......
#...####..###P....†.........
#..## #### ########........
##..# ##.##.... ###...#
###..##. ###.....## ######
#........# #..###...#
..#.##...##


You could see a skeletal warrior and 2 jiangshi.

Vanquished Creatures
  A cane toad (Lair:1)
  2 wyverns
  A basilisk (Lair:1)
  7 yaks
  A water moccasin (Lair:1)
  Duvessa (D:4)
  6 orc warriors
  2 black bears
  A necrophage (D:8)
  4 centaurs
  2 bullfrogs
  4 scorpions
  A wyvern zombie (D:8)
  3 killer bees (D:9)
  4 wights (D:8)
  An electric eel (D:9)
  8 howler monkeys
  3 centaur zombies
  A bullfrog zombie (D:5)
  6 orc priests
  A jelly (D:4)
  2 centaur skeletons
  A bullfrog skeleton (D:5)
  Crazy Yiuf (D:7)
  5 iguanas
  Ijyb (D:4)
  Terence (D:2)
  10 orc wizards
  A hound zombie (D:5)
  A hound skeleton (D:5)
  A gnoll (D:6)
  9 adders
  An ufetubus (D:4)
  An adder zombie (D:5)
  A worm (D:3)
  6 dart slugs
  50 orcs
  2 bats
  8 endoplasms
  5 giant cockroaches
  9 hobgoblins
  A quokka (D:2)
  7 ball pythons
  4 frilled lizards
  8 goblins
  6 kobolds
  8 rats
  A bush (D:6)
211 creatures vanquished.

Vanquished Creatures (collateral kills)
  A centaur (D:9)
  2 scorpions
  Dowan (D:4)
  A water moccasin skeleton (D:4)
  A bullfrog zombie (D:6)
  A hound (D:6)
  An iguana (D:4)
  3 orc wizards (D:9)
  A hound skeleton (D:4)
  An ufetubus (D:6)
  5 orcs
  2 ball pythons (D:4)
  A kobold (D:4)
21 creatures vanquished.

Vanquished Creatures (others)
  A wyvern zombie (D:9)
  2 centaur zombies (D:9)
  A black bear zombie (D:7)
  4 howler monkey zombies
  An iguana zombie (D:4)
  An adder zombie (D:4)
  A ball python zombie (D:4)
  16 orc zombies
  A spectral ufetubus (D:4)
  5 fungi (Lair:1)
  5 plants
38 creatures vanquished.

Grand Total: 270 creatures vanquished

Notes
Turn   | Place    | Note
-------+----------+-------------------------------------------
     0 | D:1      | orfax the Troll Fighter began the quest for the Orb.
     0 | D:1      | Reached XP level 1. HP: 22/22 MP: 0/0
   176 | D:1      | Reached XP level 2. HP: 28/29 MP: 1/1
   646 | D:1      | Reached XP level 3. HP: 36/36 MP: 2/2
  1586 | D:2      | Identified the +6 mace "Firchula" {pain, Dex+5}
  1646 | D:2      | Noticed Terence
  1654 | D:2      | Killed Terence
  1655 | D:2      | Reached XP level 4. HP: 34/45 MP: 3/3
  1761 | D:3      | Noticed a scorpion
  1770 | D:3      | Killed a scorpion
  1771 | D:3      | Reached skill level 1 in Maces & Flails
  1771 | D:3      | Reached XP level 5. HP: 51/53 MP: 4/4
  2049 | D:3      | Identified the +1 robe of Ferocious Awe {+Inv rC+ Str+3}
  2164 | D:3      | Reached skill level 2 in Maces & Flails
  2471 | D:3      | Gained mutation: You are robust. (+10% HP) [potion of
                  | mutation]
  2471 | D:3      | Gained mutation: You passively dampen the noise of your
                  | surroundings. [potion of mutation]
  2471 | D:3      | Gained mutation: You are agile. (Dex +2) [potion of
                  | mutation]
  2607 | D:3      | Found a hazy altar of Hepliaklqana.
  2607 | D:3      | Found a basalt altar of Yredelemnul.
  2617 | D:3      | Became a worshipper of Yredelemnul the Dark
  2874 | D:4      | Reached XP level 6. HP: 67/67 MP: 5/5
  2963 | D:4      | Reached * piety under Yredelemnul
  3080 | D:4      | Found a sparkling altar of Nemelex Xobeh.
  3122 | D:4      | Reached skill level 3 in Maces & Flails
  3131 | D:4      | Noticed Ijyb
  3139 | D:4      | Reached ** piety under Yredelemnul
  3139 | D:4      | Noticed Dowan
  3141 | D:4      | Paralysed by Ijyb for 3 turns
  3141 | D:4      | Noticed Duvessa
  3145 | D:4      | Killed Ijyb
  3151 | D:4      | Killed Dowan
  3152 | D:4      | Reached XP level 7. HP: 73/74 MP: 6/6
  3154 | D:4      | Killed Duvessa
  3272 | D:4      | Found a staircase to the Ecumenical Temple.
  3362 | D:4      | Found an iron altar of Okawaru.
  3379 | D:4      | Found a shimmering blue altar of Sif Muna.
  3586 | D:5      | Entered Level 5 of the Dungeon
  3601 | D:5      | Reached skill level 4 in Maces & Flails
  3803 | D:5      | Reached skill level 1 in Necromancy
  3963 | D:5      | Found Hexob's General Store.
  4023 | D:5      | Reached XP level 8. HP: 85/85 MP: 7/7
  4031 | D:5      | Found a shadowy altar of Dithmenos.
  4433 | D:6      | Found a hide-covered altar of Uskayaw.
  4437 | D:6      | Found a stormy altar of Qazlal.
  4608 | D:6      | Reached skill level 5 in Maces & Flails
  4874 | D:6      | Found a radiant altar of Vehumet.
  5028 | D:6      | Found a glowing silver altar of Zin.
  5028 | D:6      | Found a sacrificial altar of Ru.
  5030 | D:6      | Found a blossoming altar of Fedhas.
  5502 | D:7      | Reached XP level 9. HP: 73/95 MP: 8/8
  5504 | D:7      | Reached skill level 6 in Maces & Flails
  5594 | D:7      | Found Cacaotha's Assorted Antiques.
  6244 | D:7      | Found a runed translucent door.
  6247 | D:7      | Noticed Crazy Yiuf
  6256 | D:7      | Killed Crazy Yiuf
  6257 | D:7      | Reached skill level 5 in Fighting
  6374 | D:8      | Reached skill level 5 in Dodging
  6767 | D:9      | Reached skill level 7 in Maces & Flails
  6767 | D:9      | Reached skill level 5 in Shields
  6970 | D:9      | Reached XP level 10. HP: 45/107 MP: 9/9
  7052 | D:9      | You fall into a shaft and drop 1 floor!
  7052 | D:10     | Entered Level 10 of the Dungeon
  7058 | D:10     | Noticed a two-headed ogre
  7271 | D:9      | Found a staircase to the Orcish Mines.
  7302 | Orc:1    | Entered Level 1 of the Orcish Mines
  7346 | Orc:1    | Noticed an orc sorcerer
  7434 | Orc:1    | Paralysed by an orc sorcerer for 7 turns
  7562 | D:9      | Found a staircase to the Lair.
  8109 | Temple   | Entered the Ecumenical Temple
  8204 | Temple   | Fell from the grace of Yredelemnul
  8204 | Temple   | Became a worshipper of Trog the Wrathful
  8620 | Lair:1   | Entered Level 1 of the Lair of Beasts
  8646 | Lair:1   | Reached skill level 1 in Short Blades
  8785 | Lair:1   | Identified the +10 great mace of Xipal {vorpal, rElec rF+
                  | Str+2}
  8861 | Lair:1   | Noticed a cane toad
  8866 | Lair:1   | Killed a cane toad
  8867 | Lair:1   | Reached skill level 8 in Maces & Flails
  8960 | Lair:1   | Noticed a jiangshi
  8960 | Lair:1   | Noticed a skeletal warrior
  8960 | Lair:1   | Noticed a jiangshi
  8969 | Lair:1   | HP: 3/107 [jiangshi[the anger of Yredelemnul] (14)]
  8969 | Lair:1   | Mangled by a jiangshi

Illustrated notes

Levels and vault maps discovered:
D:1:      lightli_arrival_statue_moat, layout_basic
D:2:      layout_loops_ring, grunt_ministairs_9, uniq_terence
D:3:      minmay_evil_eye, layout_loops_cross, gammafunk_temple_overflow_wave
D:4:      layout_loops_ring, mainiacjoe_overflow_big_doors,
          mainiacjoe_overflow_boulevard, minmay_temple_entry_statues_pillars,
          uniq_ijyb, uniq_duvessa
D:5:      layout_basic, mainiacjoe_overflow_surrounded_room, serial_shops,
          kennysheep_little_box
D:6:      minmay_bubble_buster, layout_loops_corners,
          gammafunk_temple_overflow_forgotten, mainiacjoe_overflow_chevrons,
          grunt_temple_overflow_open
D:7:      layout_loops_ring, serial_shops, shop_statue, uniq_crazy_yiuf_cottage
D:8:      minmay_four_partial_circles, layout_basic
D:9:      layout_long_grid, lair_entry_dummy, erik_orc_2, kennysheep_nondescript
D:10:     layout_cave_pods, special_room [special_room_kobold]
Temple:   jpeg_temple_alley_garden
Lair:1:   layout_cave_pods, infiniplex_staircase_pool_2
Orc:1:    layout_caves, serial_shops, nicolae_shop_hallway_plus

Skill      XL: |  1  2  3  4  5  6  7  8  9 10 |
---------------+-------------------------------+-----
Axes           | 2 |  2.5
Fighting       | 3 4 5 6 |  6.2
Dodging        | 3 4 5 6 |  6.1
Maces & Flails | 1 2 3 4 5 7 8 |  8.1
Shields        | 3 4 5 |  5.7
Necromancy     | 1 2 3 4 |  4.1
Short Blades   | 1 |  1.5
Throwing       | |  0.6
Stealth        | |  0.2

Action                   |  1- 3 |  4- 6 |  7- 9 | 10-12 || total
-------------------------+-------+-------+-------+-------++-------
Melee: War axe           |   110 |       |       |       ||   110
       Mace              |     4 |    93 |   329 |    48 ||   474
       Rapier            |       |       |       |    45 ||    45
       Great mace        |       |       |       |    34 ||    34
Throw: Dart              |     9 |     9 |     8 |     3 ||    29
Invok: Dark Bargain      |       |       |       |     1 ||     1
  Use: Scroll            |     5 |     3 |    11 |     6 ||    25
       Potion            |     2 |     2 |     8 |       ||    12
 Stab: Distracted        |       |     1 |     1 |       ||     2
       Sleeping          |       |     3 |     1 |       ||     4
Armor: Robe              |    33 |    19 |   115 |    30 ||   197
Dodge: Dodged            |    29 |    31 |   105 |    34 ||   199
Block: Kite shield       |    40 |    39 |   131 |    42 ||   252
